 Dungeon Crawl Stone Soup version 0.13.0-29-gdb529de (webtiles) character file.

176 MirrMurr the Ducker (level 3, -6/18 HPs)
             Began as a Felid Berserker on Nov 11, 2013.
             Was a Believer of Trog.
             Mangled by MirrMurr's ghost (10 damage)
             ... on Level 3 of the Dungeon.
             The game lasted 00:05:18 (1519 turns).

MirrMurr the Ducker (Felid Berserker)               Turns: 1519, Time: 00:05:20

HP  -6/18        AC  1     Str 14      XL: 3   Next: 92%
MP   4/4         EV 19     Int  8      God: Trog [**....]
Gold 111         SH  0     Dex 15      Spells:  0 memorised,  2 levels left
Lives: 0, deaths: 0

Res.Fire  : . . .   See Invis. : +     - Unarmed
Res.Cold  : . . .   Warding    : .   (armour unavailable)
Life Prot.: . . .   Conserve   : .   (shield unavailable)
Res.Poison: .       Res.Corr.  : .   (helmet unavailable)
Res.Elec. : .       Clarity    : .   (cloak unavailable)
Sust.Abil.: . .     Spirit.Shd : .   (gloves unavailable)
Res.Mut.  : .       Stasis     : .   (boots unavailable)
Res.Rott. : .       Flight     : .   h - amulet of faith
Saprovore : . . .                    m - ring of flight
                                     (no ring)

@: quick, slightly resistant to hostile enchantments, stealthy
A: paw claws, no armour, no advanced items, fangs 3, see invisible, carnivore 3,
speed 1, slow metabolism 1, AC +1
a: Burn Spellbooks, Berserk, Trog's Hand, Renounce Religion, Evoke Flight


You were on level 3 of the Dungeon.
You worshipped Trog.
Trog was pleased with you.
You were very full.

You visited 1 branch of the dungeon, and saw 3 of its levels.

You collected 91 gold pieces.

Inventory:

Comestibles
 c - 2 meat rations
Scrolls
 d - a scroll of enchant armour {unknown}
 e - a scroll of fear {unknown}
 f - 4 scrolls of remove curse {unknown}
 g - a scroll of magic mapping {unknown}
 j - a scroll of fog
 k - 2 scrolls of teleportation {unknown}
Jewellery
 b - an uncursed ring of see invisible {unknown}
 h - an amulet of faith (around neck)
 m - a ring of flight (right paw)
Potions
 a - a potion of curing
 i - a potion of heal wounds
 l - a potion of speed
 n - a potion of paralysis {unknown}


   Skills:
 + Level 3.3 Fighting
 + Level 4.5 Dodging
 + Level 2.6 Stealth
 * Level 3.7 Unarmed Combat


You had 2 spell levels left.
You didn't know any spells.

Dungeon Overview and Level Annotations

Branches:
Dungeon (3/27)

Altars:

Annotations:
D:3 MirrMurr's ghost, average FeBe


Innate Abilities, Weirdness & Mutations

You cannot wear armour.
You are incapable of any advanced item manipulation.
Your paws have sharp claws.
You have razor-sharp teeth.
You have supernaturally acute eyesight.
You are carnivorous and can eat meat at any time.
You cover ground quickly.
You are covered in fur (AC +1).
You have a slow metabolism.


Message History

The orc is moderately wounded.
The kobold shouts!
The orc barely misses you.
You closely miss the orc.
The orc is moderately wounded.
The kobold throws a dart.
The dart misses you. The orc misses you.
You scratch the orc.
You kill the orc!
Trog accepts your kill. MirrMurr's ghost barely misses you.
You scratch MirrMurr's ghost.
MirrMurr's ghost is lightly damaged.
MirrMurr's ghost hits you!
The kobold throws a dart.
The dart misses you.
You closely miss MirrMurr's ghost.
MirrMurr's ghost is lightly damaged.
MirrMurr's ghost hits you!
* * * LOW HITPOINT WARNING * * *
MirrMurr's ghost hits you!
Ouch! That really hurt!
You die...

... . ...# #. ... ......#
.......#.....
..........#.#.. .
......#.#.....#
.....$........#....
........#.#).......#
.......#.(@pr.....#
....................
#.................#.
#.#....##...........
...####.#............K....
.........................
.........................
........................
.#####......##.....#..#


You could see MirrMurr's ghost, a kobold and a rat.

Vanquished Creatures
  3 adders (D:2)
  A giant mite (D:2)
  A giant gecko (D:1)
  An ooze (D:1)
  An orc (D:3)
  A ball python (D:2)
  2 giant cockroaches
  2 goblins (D:2)
  3 hobgoblins
  2 jackals (D:1)
  3 bats
  A giant newt (D:2)
  5 kobolds
  4 rats
30 creatures vanquished.

Notes
Turn   | Place    | Note
--------------------------------------------------------------
     0 | D:1      | MirrMurr, the Felid Berserker, began the quest for the Orb.
     0 | D:1      | Reached XP level 1. HP: 10/10 MP: 1/1
   414 | D:1      | Reached XP level 2. HP: 9/14 MP: 2/2
   422 | D:1      | Reached skill level 1 in Stealth
   900 | D:2      | Acquired Trog's second power
   900 | D:2      | Reached XP level 3. HP: 14/18 MP: 4/4
  1510 | D:3      | Noticed MirrMurr's ghost (average FeBe)
  1519 | D:3      | Mangled by MirrMurr's ghost

Action                   || total
-------------------------++-------
Melee: Unarmed           ||    88
Invok: Berserk           ||     1
  Use: Scroll            ||     3
       Potion            ||     5
 Stab: Sleeping          ||     1
